 Dungeon Crawl Stone Soup version 0.29-a0-885-gb26ba3297d (webtiles) character file.

Game seed: 18569097417119930

3342 Mesmaeker13 the Fighter (level 10, -2/80 HPs)
             Began as a Formicid Delver on July 20, 2022.
             Was a Believer of Cheibriados.
             Killed from afar by a gargoyle (20 damage)
             ... with a stone arrow
             ... on level 8 of the Dungeon.
             The game lasted 00:15:41 (10402 turns).

Mesmaeker13 the Fighter (Formicid Delver)          Turns: 10402, Time: 00:15:41

Health: -2/80      AC: 14    Str: 24    XL:     10   Next: 22%
Magic:  11/11      EV: 16    Int: 19    God:    Cheibriados [**....]
Gold:   505        SH:  6    Dex: 21    Spells: 6/9 levels left

rFire   . . .      SeeInvis +   k - +3 halberd
rCold   . . .      Faith    .   p - +0 buckler
rNeg    . . .      Spirit   .   H - +0 scale mail
rPois   .          Reflect  .   (helmet unavailable)
rElec   .          Harm     .   n - +2 cloak
rCorr   .          Rampage  .   o - +1 pair of gloves
Will    +....                   b - +0 pair of boots
Stlth   ++........              D - amulet of the acrobat
HPRegen 0.23/turn               j - +4 ring of evasion
MPRegen 0.12/turn               (no ring)

@: very slow
A: permanent stasis, dig shafts and tunnels, antennae 3, four strong arms
a: Dig, Shaft Self, Renounce Religion, Bend Time


You were on level 8 of the Dungeon.
You worshipped Cheibriados.
Cheibriados was pleased with you.
You visited 1 branch of the dungeon, and saw 8 of its levels.

You collected 505 gold pieces.

Inventory:

Hand Weapons
 a - a +0 falchion
 k - a +3 halberd (weapon)
 s - a +2 vorpal spear
Missiles
 z - 12 poisoned darts (quivered)
Armour
 b - a +0 pair of boots (worn)
 n - a +2 cloak (worn)
 o - a +1 pair of gloves (worn)
 p - a +0 buckler (worn)
 H - a +0 scale mail (worn)
Jewellery
 j - a +4 ring of evasion (left hand)
 B - a ring of ice
 D - an amulet of the acrobat (around neck)
Wands
 f - a wand of digging (3)
 G - a wand of polymorph (6)
 L - a wand of light (5)
Scrolls
 c - a scroll of fog
 d - 2 scrolls of magic mapping
 e - a scroll of fear
 g - 2 scrolls of torment
 h - 2 scrolls of immolation
 l - a scroll of enchant armour
 r - 3 scrolls of butterflies
 u - a scroll of vulnerability
 w - a scroll of acquirement {unknown}
 y - 2 scrolls of poison
 C - a scroll of silence {unknown}
 F - a scroll of teleportation {unknown}
 J - a scroll of summoning
 K - a scroll of enchant weapon {unknown}
Potions
 i - a potion of berserk rage
 m - a potion of heal wounds
 q - 3 potions of lignification {unknown}
 t - 2 potions of magic {unknown}
 v - 2 potions of resistance {unknown}
 x - 4 potions of degeneration {unknown}
 A - a potion of mutation {unknown}
 E - 2 potions of curing {unknown}
 I - 2 potions of might {unknown}


   Skills:
 + Level 8.0 Fighting
 - Level 3.2 Long Blades
 + Level 5.9 Polearms
 + Level 6.2 Armour
 - Level 3.2 Dodging
 - Level 6.0 Stealth
 - Level 6.5 Shields
 + Level 4.7 Translocations
 + Level 2.3 Invocations


You had 6 spell levels left.
You knew the following spells:

 Your Spells              Type           Power      Damage    Failure   Level
a - Teleport Other        Tloc           17%        N/A       24%         3

Your spell library contained the following spells:

 Spells                   Type           Power      Damage    Failure   Level
 Gell's Gravitas          Tloc           17%        N/A       24%         3
 Lesser Beckoning         Tloc           17%        N/A       24%         3
 Anguish                  Hex/Necr       0%         N/A       99%         4
 Enfeeble                 Hex            0%         N/A       100%        7


Dungeon Overview and Level Annotations

Branches:
Dungeon (8/15)             Temple (0/1) D:5            Lair (0/5) D:8

Altars:
Ashenzari
Cheibriados
Dithmenos
Fedhas
Gozag
Kikubaaqudgha
Sif Muna
Uskayaw
Wu Jian
Xom
Zin

Shops:
D:1 *   D:4 =


Innate Abilities, Weirdness & Mutations

You cannot be hasted, slowed, berserked, paralysed or teleported.
You can dig through walls and to a lower floor.
You have a pair of large antennae on your head. (SInv)
Your four strong arms can wield two-handed weapons with a shield.


Message History

The warg completely misses you.
You barely miss the warg.
The warg is severely wounded.
The warg bites you but does no damage. The warg barely misses you.
You slice the warg!!
You kill the warg!
Cheibriados thoroughly appreciates the change of pace.
Your Fighting skill increases to level 8!
No target in view!
Found a hide-covered altar of Uskayaw.
Found a glowing scarf.
A gargoyle comes into view. It is wielding a +1 vorpal mace.
Aiming: Bolt of Light
Press: ? - help, Shift-Dir - straight line, f - gargoyle
Aim: a gargoyle, wielding a +1 vorpal mace (86% to hit)
The bolt of light hits the gargoyle.
The gargoyle is lightly damaged.
The gargoyle is blinded.
The gargoyle hurls a stone arrow at you.
The stone arrow hits you!!
You hit the gargoyle but do no damage.
The gargoyle is lightly damaged.
The gargoyle hurls a stone arrow at you.
The stone arrow hits you!!
The gargoyle hits you with a +1 vorpal mace!
* * * LOW HITPOINT WARNING * * *
x2 You are too injured to fight recklessly!
Unknown command.
You hit the gargoyle but do no damage.
The gargoyle is lightly damaged.
You block the gargoyle's attack.
You puncture the gargoyle!
The gargoyle is moderately damaged.
The gargoyle hits you but does no damage.
You catch the helpless gargoyle completely off-guard!
You hit the gargoyle but do no damage.
The gargoyle is moderately damaged.
The gargoyle hurls a stone arrow at you.
The stone arrow hits you!!
You die...

#≈#≈≈## #≈≈#...
### ##.####≈≈#
#≈≈#.## ....
...# #≈≈#
#≈##.#
##..###..# #≈≈#
#≈#..#
.........# #≈##
#≈#.##
≈≈≈≈≈≈≈[.# ##≈#
#...#
...§..≈..# #≈≈#
#####
≈≈≈§≈.9..###≈≈#
≈...≈.≈@.##≈≈##
≈._.≈.≈..#≈≈≈#
≈...≈.≈.##.≈##
≈≈≈.§.≈.##.≈#
......≈....##
≈≈≈≈≈≈≈.####
........#
#########


You could see a gargoyle (blind).

Vanquished Creatures
  A shadow (D:5)
  3 yaks
  2 wargs (D:8)
  Edmund (D:6)
  2 water moccasins
  An orc warrior (D:8)
  2 ogres (D:5)
  2 centaurs
  2 kobold brigands
  2 bullfrogs (D:7)
  2 necrophages (D:5)
  2 scorpions (D:6)
  A wight (D:5)
  3 hounds (D:5)
  7 jellies
  2 orc priests (D:6)
  Crazy Yiuf (D:2)
  7 iguanas
  7 orc wizards
  Robin (D:2)
  4 gnolls (D:5)
  7 adders
  A white imp (D:5)
  2 ufetubi
  4 worms
  3 dart slugs
  18 orcs
  9 endoplasms
  3 giant cockroaches
  13 goblins
  9 hobgoblins
  A jackal (D:1)
  14 kobolds
  A quokka (D:2)
  7 ball pythons
  5 bats
  6 frilled lizards
  5 rats
163 creatures vanquished.

Vanquished Creatures (collateral kills)
  3 wights (D:5)
  A jelly (D:5)
  An orc priest (D:5)
  A quokka (D:5)
6 creatures vanquished.

Vanquished Creatures (others)
  2 plants (D:8)
2 creatures vanquished.

Grand Total: 171 creatures vanquished

Notes
Turn   | Place    | Note
-------+----------+-------------------------------------------
     0 | D:5      | Mesmaeker13 the Formicid Delver began the quest for the
                  | Orb.
     0 | D:5      | Reached XP level 1. HP: 18/18 MP: 1/1
   268 | D:3      | Reached XP level 2. HP: 13/24 MP: 2/2
   420 | D:2      | Found a faded altar of an unknown god.
   658 | D:2      | Reached XP level 3. HP: 30/30 MP: 3/3
  1509 | D:1      | Found Iliha's General Store.
  1790 | D:1      | Reached skill level 4 in Fighting
  1847 | D:1      | Reached XP level 4. HP: 37/37 MP: 4/4
  2151 | D:2      | Noticed Robin
  2418 | D:2      | Killed Robin
  2419 | D:2      | Reached skill level 1 in Shields
  2517 | D:2      | Found a shimmering altar of Xom.
  2626 | D:2      | Found a runed translucent door.
  2627 | D:2      | Noticed Crazy Yiuf
  2632 | D:2      | Killed Crazy Yiuf
  2633 | D:2      | Reached XP level 5. HP: 42/42 MP: 5/5
  3941 | D:4      | Found Esec's Jewellery Shoppe.
  3980 | D:4      | Reached skill level 1 in Polearms
  3980 | D:4      | Reached XP level 6. HP: 49/49 MP: 6/6
  4073 | D:4      | Found a glowing silver altar of Zin.
  4073 | D:4      | Noticed an angel
  4074 | D:4      | Found a shimmering altar of Xom.
  4294 | D:4      | Found a shadowy altar of Dithmenos.
  4463 | D:4      | Found a snail-covered altar of Cheibriados.
  4475 | D:4      | Became a worshipper of Cheibriados the Contemplative
  4671 | D:4      | Found a shimmering blue altar of Sif Muna.
  5058 | D:5      | Found a blossoming altar of Fedhas.
  5074 | D:5      | Found a staircase to the Ecumenical Temple.
  5084 | D:5      | Reached skill level 1 in Armour
  5132 | D:5      | Reached skill level 5 in Fighting
  5187 | D:5      | Reached XP level 7. HP: 56/56 MP: 7/7
  6425 | D:5      | You fall into a shaft and drop 1 floor!
  6437 | D:6      | Found an ancient bone altar of Kikubaaqudgha.
  6501 | D:6      | Learned a level 3 spell: Teleport Other
  6516 | D:6      | Found a broken altar of Ashenzari.
  6996 | D:6      | Noticed a yak
  7276 | D:5      | Killed a yak
  7276 | D:5      | Reached * piety under Cheibriados
  7277 | D:5      | Reached skill level 1 in Translocations
  7277 | D:5      | Reached XP level 8. HP: 47/64 MP: 8/8
  7365 | D:6      | Noticed a yak
  7365 | D:6      | Noticed a yak
  7669 | D:6      | Noticed Edmund
  7887 | D:5      | Noticed a shadow
  7905 | D:5      | Reached skill level 5 in Shields
  7932 | D:5      | Reached skill level 6 in Fighting
  8036 | D:5      | Reached XP level 9. HP: 59/71 MP: 9/9
  8331 | D:5      | Reached ** piety under Cheibriados
  8419 | D:5      | Reached skill level 7 in Fighting
  8496 | D:5      | Identified the +9 short sword "Ycusu" {pain, rF+}
  8693 | D:6      | Reached skill level 5 in Armour
  8697 | D:6      | Reached skill level 5 in Polearms
  8820 | D:6      | Killed Edmund
  8950 | D:6      | Found an ornate altar of the Wu Jian Council.
  8980 | D:6      | Found an opulent altar of Gozag.
  9750 | D:7      | Reached XP level 10. HP: 80/80 MP: 10/10
  9758 | D:7      | Reached skill level 1 in Invocations
 10297 | D:8      | Found a staircase to the Lair.
 10349 | D:8      | Reached skill level 8 in Fighting
 10392 | D:8      | Found a hide-covered altar of Uskayaw.
 10394 | D:8      | Noticed a gargoyle
 10402 | D:8      | Killed from afar by a gargoyle

Illustrated notes

Levels and vault maps discovered:
D:1:      dpeg_arrival_rooms_with_view, layout_basic, serial_shops, shop,
          grunt_decor_clamped
D:2:      wander_river, layout_basic, basic_altar, nicolae_ecumenical_oubliette,
          minmay_nonomino_d4, uniq_crazy_yiuf_cottage, uniq_robin
D:3:      layout_basic, serial_curves, eino_curves_03, eino_curves_04
D:4:      layout_basic, grunt_temple_overflow_order_and_chaos_1,
          mainiacjoe_overflow_big_doors, chei_slow_surprise, serial_shops,
          nicolae_lakefront_shop, chequers_garden, kennysheep_flooded_box,
          kennysheep_generic_room_3
D:5:      kennysheep_windowed_halls, layout_basic, old_standard_altar,
          minmay_temple_entry_tees
D:6:      layout_layer_cave, mainiacjoe_overflow_two_lobes, old_standard_altar,
          cheibrodos_ashenzari_chains, uniq_edmund
D:7:      layout_loops_ring
D:8:      layout_loops_ring, mainiacjoe_overflow_concentric_impassable,
          kennysheep_mini_moat, erik_lair_orcish_takeover, serial_rivers,
          chequers_serial_rivers_room_a, chequers_serial_rivers_large_b,
          chequers_serial_rivers_large_a, chequers_serial_rivers_micro_b,
          uniq_grum

Skill      XL: |  1  2  3  4  5  6  7  8  9 10 |
---------------+-------------------------------+-----
Dodging        | 2 3 |  3.2
Fighting       | 4 5 6 7 8 |  8.0
Long Blades    | 3 |  3.2
Shields        | 1 2 3 4 5 6 |  6.5
Polearms       | 1 2 3 4 5 |  5.9
Armour         | 1 2 4 5 6 |  6.2
Translocations | 1 2 4 |  4.7
Invocations    | 2 |  2.3
Stealth        | |  6.0

Action                   |  1- 3 |  4- 6 |  7- 9 | 10-12 || total
-------------------------+-------+-------+-------+-------++-------
Melee: Falchion          |    94 |    58 |       |       ||   152
       Punch             |     1 |       |       |       ||     1
       Spear             |       |    76 |   155 |       ||   231
       Halberd           |       |       |   104 |    57 ||   161
Throw: Dart              |       |     6 |    21 |       ||    27
       Boomerang         |       |     2 |       |       ||     2
Invok: Bend Time         |       |       |     1 |       ||     1
 Abil: Shaft Self        |       |       |     1 |       ||     1
       Dig               |       |       |     1 |       ||     1
Evoke: Wand              |       |       |       |     1 ||     1
  Use: Scroll            |       |    10 |     3 |       ||    13
       Potion            |       |       |     1 |       ||     1
 Stab: Sleeping          |    11 |    10 |     4 |       ||    25
       Distracted        |     1 |     3 |       |       ||     4
       Invisible         |       |       |       |     1 ||     1
Armor: Leather armour    |    28 |    18 |       |       ||    46
       Ring mail         |       |    14 |    59 |       ||    73
       Scale mail        |       |       |     8 |    18 ||    26
Dodge: Dodged            |    54 |    38 |   180 |    43 ||   315
Block: Buckler           |       |     9 |    69 |    14 ||    92

Table legend: (Time is in decaauts)
 A = Elapsed time spent in this place.
 B = Non-inter-level travel time spent in this place.
 C = Inter-level travel time spent in this place.
 D = Time resting spent in this place.
 E = Time spent auto-exploring this place.
 F = Levels seen in this place.
 G = Mean time per level.
                   A        B        C        D        E       F      G
               +--------+--------+--------+--------+--------+-----+--------+
         Total |  11888 |  11248 |    640 |   2156 |   6908 |   8 | 1486.0 |
       Dungeon |  11888 |  11248 |    640 |   2156 |   6908 |   8 | 1486.0 |
               +--------+--------+--------+--------+--------+-----+--------+

Top non-repeatable levels by time:
     D:5: 3715 daAuts
     D:6: 1951 daAuts
     D:2: 1552 daAuts
     D:3: 1237 daAuts
     D:4: 1108 daAuts
     D:1: 1051 daAuts
     D:7: 796 daAuts
     D:8: 476 daAuts
